 Dungeon Crawl Stone Soup version v1.0-3-g0d6430d (webtiles) character file.

82 Jacco the Insei (level 4, -11/44 HPs)
             Began as a Chaoskin Monk on Oct 19, 2018.
             Mangled by a gnoll
             ... wielding a +0 flail
              (13 damage)
             ... on level 2 of the Dungeon.
             The game lasted 00:05:05 (1486 turns).

Jacco the Insei (Chaoskin Monk)                     Turns: 1486, Time: 00:05:06

Health: -11/44     AC:  4    Str: 13    XL:     4   Next: 70%
Magic:  4/4        EV: 13    Int: 11    God:
Gold:   90         SH:  0    Dex: 16    Spells: 3/3 levels left

rFire    . . .     SeeInvis .     - Unarmed
rCold    . . .     Gourm    .   (no shield)
rNeg     . . .     Faith    .   h - +0 leather armour (curse)
rPois    .         Spirit   .   (helmet restricted)
rElec    .         Reflect  .   (no cloak)
rCorr    .         Harm     .   e - +0 pair of gloves (curse)
MR       .....                  (no boots)
Stlth    ++........             (no amulet)
HPRegen  0.14/turn              (no ring)
MPRegen  0.09/turn              (no ring)

@: flying
A: antennae 1, robust 1, evolution 1
a: no special abilities


You were on level 2 of the Dungeon.
You were not hungry.

You visited 1 branch of the dungeon, and saw 2 of its levels.

You collected 90 gold pieces.

Inventory:

Armour
 a - a +0 robe
 d - a +0 chain mail
 e - a cursed +0 pair of gloves (worn)
 h - a cursed +0 leather armour (worn)
Potions
 g - a potion of magic {unknown}
 i - a potion of agility {unknown}
 j - a potion of resistance {unknown}
Comestibles
 b - 6 rations
 f - 3 chunks of flesh


   Skills:
 + Level 3.9 Fighting
 - Level 3.2 Dodging
 - Level 2.0 Stealth
 * Level 5.2 Unarmed Combat


You had 3 spell levels left.
You didn't know any spells.

Dungeon Overview and Level Annotations

Branches:
Dungeon (2/15)

Altars:


Innate Abilities, Weirdness & Mutations

You are occasionally noticed by Xom.
You evolve.
You have a pair of small antennae on your head.
You are robust. (+10% HP)


Message History

The gnoll hits you with a flail. The gnoll barely misses you.
You barely miss the gnoll.
The gnoll is heavily wounded.
You barely miss the gnoll.
The gnoll is heavily wounded.
The gnoll hits you with a flail.
* * * LOW HITPOINT WARNING * * *
The gnoll hits you but does no damage.
You closely miss the gnoll.
The gnoll is heavily wounded.
The gnoll misses you. The gnoll hits you but does no damage.
You barely miss the gnoll.
The gnoll is heavily wounded.
The gnoll misses you.
The gnoll hits you from afar with a halberd!
* * * LOW HITPOINT WARNING * * *
It was a potion of flight.
You feel very buoyant.
You fly up into the air.
The gnoll hits you with a flail!
You die...

[.#.........
#.#.########
######.#.#########
................>#
######.#.#####.#.#
#.#.#####.#.#
#......##.#.#
#.########.##.##.#.#
#.....gg@..##.##.#.#
##.....######.##.#.#
#.....# #.##.#.#
#.....# #.##.#
#.....######.##.#
........ ...#.##.#
###.....# #.#.##.#
#.....#
#...##.######
#.<....(.....


You could see 2 gnolls.

Vanquished Creatures
  3 adders (D:2)
  A gnoll (D:2)
  An ooze (D:2)
  A dart slug (D:1)
  4 leopard geckos
  A ball python (D:2)
  A bat (D:1)
  3 giant cockroaches (D:1)
  6 goblins
  3 hobgoblins (D:1)
  2 jackals (D:1)
  A frilled lizard (D:1)
  3 kobolds (D:1)
  4 rats
34 creatures vanquished.

Notes
Turn   | Place    | Note
-------+----------+-------------------------------------------
     0 | D:1      | Jacco the Chaoskin Monk began the quest for the Orb.
     0 | D:1      | Reached XP level 1. HP: 19/19 MP: 1/1
    23 | D:1      | XOM: cloud trail
   282 | D:1      | Reached XP level 2. HP: 26/26 MP: 2/2
   369 | D:1      | Reached skill level 4 in Unarmed Combat
   447 | D:1      | Gained mutation: You evolve. [Chaoskin growth]
   447 | D:1      | Reached XP level 3. HP: 31/31 MP: 3/3
   818 | D:1      | XOM: give mutations
   818 | D:1      | Gained mutation: You have a pair of small antennae on your head. [Xom's grace]
   818 | D:1      | Gained mutation: You are robust. (+10% HP) [Xom's grace]
  1042 | D:2      | XOM: enchant monster (good)
  1312 | D:2      | Reached XP level 4. HP: 44/44 MP: 4/4
  1356 | D:2      | Reached skill level 5 in Unarmed Combat
  1419 | D:2      | XOM: harmless Tloc miscast
  1485 | D:2      | HP: 2/44 [gnoll/halberd (10)]
  1486 | D:2      | Mangled by a gnoll

Skill      XL: |  1  2  3  4 |
---------------+-------------+-----
Unarmed Combat | 4 5 |  5.2
Fighting       | |  3.9
Dodging        | |  3.2
Stealth        | |  2.0

Action                   |  1- 3 |  4- 6 || total
-------------------------+-------+-------++-------
Melee: Unarmed           |    98 |    31 ||   129
       Punch             |     1 |       ||     1
  Use: Potion            |       |     1 ||     1
 Stab: Sleeping          |     5 |       ||     5
  Eat: Chunk             |     1 |     1 ||     2
Armor: Robe              |     3 |       ||     3
       Chain mail        |    20 |       ||    20
       Leather armour    |    10 |     9 ||    19
Dodge: Dodged            |    44 |    26 ||    70
